 Dungeon Crawl Stone Soup version 0.30-a0-542-ge43150dd35 (webtiles) character file.

Game seed: 7031149201788124654

693 Bnni the Vexing (level 7, -12/52 HPs)
             Began as a Formicid Hexslinger on Dec 26, 2022.
             Was an Initiate of Okawaru.
             Killed by an exploding bullfrog (44 damage)
             ... ignited by their inner flame
             ... on level 6 of the Dungeon.
             The game lasted 00:06:25 (3277 turns).

Bnni the Vexing (Formicid Hexslinger)               Turns: 3277, Time: 00:06:26

Health: -12/52     AC:  3    Str: 15    XL:     7   Next: 96%
Magic:  6/11       EV: 12    Int: 20    God:    Okawaru [......]
Gold:   186        SH:  0    Dex: 14    Spells: 4/12 levels left

rFire   . . .      SeeInvis +    a - +1 sling
rCold   . . .      Faith    .    (no shield)
rNeg    . . .      Spirit   .    m - +0 robe
rPois   .          Reflect  .    (helmet unavailable)
rElec   .          Harm     .    (no cloak)
rCorr   .          Rampage  .    r - +0 pair of gloves
Will    .....                    (no boots)
Stlth   +                        c - amulet of the acrobat
HPRegen 0.28/turn                l - +6 ring of intelligence
MPRegen 0.12/turn                (no ring)

@: no status effects
A: permanent stasis, dig shafts and tunnels, antennae 3, four strong arms
a: Dig, Shaft Self, Renounce Religion


You were on level 6 of the Dungeon.
You worshipped Okawaru.
Okawaru was noncommittal.
You visited 2 branches of the dungeon, and saw 7 of its levels.

You collected 186 gold pieces.

Inventory:

Hand Weapons
 a - a +1 sling (weapon)
Armour
 m - a +0 robe (worn)
 r - a +0 pair of gloves (worn)
Jewellery
 c - an amulet of the acrobat (around neck)
 l - a +6 ring of intelligence (left hand)
 o - a ring of ice
 s - a ring of protection from fire
Scrolls
 b - 2 scrolls of poison
 f - a scroll of summoning {unknown}
 g - 4 scrolls of teleportation {unknown}
 i - a scroll of identify {unknown}
 p - 2 scrolls of torment {unknown}
Potions
 d - 2 potions of flight {unknown}
 e - 2 potions of lignification {unknown}
 h - a potion of attraction {unknown}
 j - 3 potions of might {unknown}
 k - 3 potions of degeneration {unknown}
 n - a potion of mutation {unknown}
 q - 2 potions of brilliance {unknown}
 t - a potion of heal wounds {unknown}


   Skills:
 + Level 3.4 Fighting
 * Level 4.9 Ranged Weapons
 - Level 1.7 Dodging
 + Level 3.1 Spellcasting
 * Level 6.4 Hexes
 - Level 2.0 Fire Magic
 + Level 0.8 Invocations


You had 4 spell levels left.
You knew the following spells:

 Your Spells              Type           Power      Damage    Failure   Level
a - Slow                  Hex            100%       N/A       1%          1
b - Inner Flame           Hex/Fire       19%        N/A       8%          3
d - Cause Fear            Hex            14%        N/A       10%         4

Your spell library contained the following spells:

 Spells                   Type           Power      Damage    Failure   Level
 Portal Projectile        Hex/Tloc       30%        N/A       12%         3


Dungeon Overview and Level Annotations

Branches:
Dungeon (7/15)             Temple (1/1) D:7

Altars:
Fedhas
Kikubaaqudgha
Makhleb
Okawaru
Ru
Vehumet
Wu Jian

Shops:
D:3 =


Innate Abilities, Weirdness & Mutations

You cannot be hasted, slowed, berserked, paralysed or teleported.
You can dig through walls and to a lower floor.
You have a pair of large antennae on your head. (SInv)
Your four strong arms can wield two-handed weapons with a shield.


Message History

Confirm with . or Enter, or press ? or * to list all spells.
Aiming: Slow (safe; 1% risk of failure)
Press: ? - help, Shift-Dir - straight line, f/p - bullfrog
Aim: a bullfrog (chance to affect: 56%)
The bullfrog seems to slow down.
The bullfrog hits you!
The scorpion stings you but does no damage.
Casting: Slow (safe; 1% risk of failure)
Confirm with . or Enter, or press ? or * to list all spells.
Aiming: Inner Flame (dangerous; 8% risk of failure)
Press: ? - help, Dir - move target, f/p - bullfrog
Aim: a bullfrog (slow, chance to affect: 74%)
The bullfrog is filled with an inner flame.
The bullfrog barely misses you. The bullfrog attacks as you move away!
The bullfrog misses you. The bullfrog attacks as you move away!
The bullfrog hits you.
Fire: a) +1 sling
Press: ? - help, Shift-Dir - straight line, f/p - bullfrog
Aim: a bullfrog (inner flame, slow, 53% to hit)
You shoot a sling bullet. The sling bullet hits the bullfrog.
Flame seeps out of the bullfrog.
The bullfrog is moderately wounded.
The bullfrog is engulfed in blazing flames.
Flame seeps out of the bullfrog.
The bullfrog hits you.
The bullfrog is engulfed in blazing flames.
Flame seeps out of the bullfrog.
The bullfrog hits you!
Fire: a) +1 sling
Press: ? - help, Shift-Dir - straight line, f/p - bullfrog
Aim: a bullfrog (flame, almost dead, inner flame, slow, 53% to hit)
You shoot a sling bullet.
The sling bullet closely misses the bullfrog.
The scorpion stings you.
The bullfrog is engulfed in blazing flames.
Okawaru accepts your kill.
The bullfrog explodes!
The fiery explosion engulfs the scorpion!!
You kill the scorpion!
Okawaru accepts your kill. The fiery explosion engulfs you!!!
Ouch! That really hurt!
You die...

{
#.....#
{
#>....#
#.....#
{
#.....#
#>....#
{
#.....##
#.§§§..#
#.§°...#
#.§@...#
#......#
#......#
#......#
#......#
########


There were no monsters in sight!

Vanquished Creatures
  Sigmund (D:2)
  A black bear (Temple)
  A phantom (D:4)
  A bullfrog (D:6)
  A kobold brigand (D:7)
  2 scorpions
  A hound (D:4)
  An iguana (D:4)
  3 orc wizards
  3 adders
  2 worms
  2 dart slugs
  7 orcs
  4 ball pythons
  4 bats
  7 endoplasms
  2 giant cockroaches
  6 goblins
  5 hobgoblins
  4 quokkas
  2 frilled lizards
  10 kobolds
  4 rats
74 creatures vanquished.

Notes
Turn   | Place    | Note
-------+----------+-------------------------------------------
     0 | D:1      | Bnni the Formicid Hexslinger began the quest for the Orb.
     0 | D:1      | Reached XP level 1. HP: 15/15 MP: 2/2
    43 | D:1      | Reached XP level 2. HP: 21/21 MP: 3/3
   130 | D:1      | Reached skill level 1 in Fire Magic
   191 | D:1      | Reached XP level 3. HP: 26/26 MP: 5/5
   195 | D:1      | Learned a level 3 spell: Inner Flame
   217 | D:1      | Reached skill level 4 in Hexes
  1016 | D:2      | Noticed Sigmund
  1071 | D:2      | Killed Sigmund
  1072 | D:2      | Reached XP level 4. HP: 7/34 MP: 4/7
  1072 | D:2      | Reached XP level 5. HP: 8/39 MP: 4/8
  1072 | D:2      | Reached XP level 6. HP: 9/45 MP: 4/9
  1083 | D:2      | Reached skill level 5 in Hexes
  1221 | D:2      | Learned a level 4 spell: Cause Fear
  1786 | D:3      | Found a faded altar of an unknown god.
  2100 | D:3      | Found Womenutohi's One-of-a-Kind Rings.
  2461 | D:4      | Reached XP level 7. HP: 34/51 MP: 5/10
  2613 | D:4      | HP: 1/52 [howler monkey (7)]
  2619 | D:4      | You fall into a shaft and drop 3 floors!
  2782 | D:7      | Reached skill level 6 in Hexes
  2786 | D:7      | Found a staircase to the Ecumenical Temple.
  2792 | Temple   | Entered the Ecumenical Temple
  2892 | Temple   | Became a worshipper of Warmaster Okawaru
  3277 | D:6      | Killed by an exploding bullfrog... ignited by their inner
                  | flame

Illustrated notes

Levels and vault maps discovered:
D:1:      ncdulo_lavacross, layout_basic
D:2:      layout_rooms, corexii_corridor_pit, nicolae_figureground_pulse,
          uniq_sigmund
D:3:      layout_basic, nicolae_ecumenical_oubliette, nicolae_shop_unique_rings
D:4:      layout_cave_pools, lightli_sewer_entry_pipes, hex_tiny
D:6:      layout_gridville, minmay_overflow_temple_hex, grunt_ministairs_2,
          kennysheep_opposing_triangles
D:7:      layout_loops_ring, xom_confusion_cloud, minmay_temple_entry_tees,
          serial_glass, glass_columns_a, glass_columns_b, glass_columns_a,
          glass_columns_b, glass_columns_c, glass_columns_a, glass_columns_a,
          glass_columns_a, glass_columns_c, glass_columns_b, glass_columns_a,
          glass_columns_b, glass_columns_b, glass_columns_a,
          ebering_ghost_rock_garden
Temple:   nicolae_temple_bog_church

Skill      XL: |  1  2  3  4  5  6  7 |
---------------+----------------------+-----
Fire Magic     | 1 2 |  2.0
Hexes          | 4 5 6 |  6.4
Fighting       | 2 3 |  3.4
Ranged Weapons | 3 4 |  4.9
Spellcasting   | 2 3 |  3.1
Dodging        | |  1.7
Invocations    | |  0.8

Action                   |  1- 3 |  4- 6 |  7- 9 || total
-------------------------+-------+-------+-------++-------
Melee: Sling             |       |       |     1 ||     1
 Fire: Sling             |   106 |   145 |    95 ||   346
 Cast: Inner Flame       |     1 |     2 |     3 ||     6
       Slow              |       |     5 |    13 ||    18
       Cause Fear        |       |       |     1 ||     1
 Abil: Dig               |       |       |     1 ||     1
       Shaft Self        |       |       |     1 ||     1
  Use: Potion            |       |       |     3 ||     3
Armor: Robe              |     8 |    16 |    15 ||    39
Dodge: Dodged            |    26 |    68 |    62 ||   156

Table legend: (Time is in decaauts)
 A = Elapsed time spent in this place.
 B = Non-inter-level travel time spent in this place.
 C = Inter-level travel time spent in this place.
 D = Time resting spent in this place.
 E = Time spent auto-exploring this place.
 F = Levels seen in this place.
 G = Mean time per level.
                   A        B        C        D        E       F      G
               +--------+--------+--------+--------+--------+-----+--------+
         Total |   3359 |   3318 |     41 |    842 |   1749 |   7 |  479.9 |
       Dungeon |   3003 |   2975 |     28 |    611 |   1679 |   6 |  500.5 |
        Temple |    356 |    343 |     13 |    231 |     70 |   1 |  356.0 |
               +--------+--------+--------+--------+--------+-----+--------+

Top non-repeatable levels by time:
     D:2: 878 daAuts
     D:1: 816 daAuts
     D:3: 785 daAuts
  Temple: 356 daAuts
     D:7: 292 daAuts
     D:4: 207 daAuts
     D:6: 23 daAuts
